Map: [ESL] Hard Lead

Players

AqueroN - Winner!

  • Race: Terran Terran
  • Spawn Location: 11:00

milkicow

  • Race: Terran Terran
  • Spawn Location: 5:00

Event: ESL SC2 Masters 2023 Winter (Regional)

VOD

Have the link to the VOD?

Description

Time

  • Played on: Oct. 29, 2023, 11:39 a.m.
  • Length: 14:45

All games in this series

Show
View Real Time Build Order
Export as new Build Order

AqueroN Terran - Winner!

Build Orders:  

Get SALT Encoding   

  12  0:00  SCV  
  13  0:12  SCV  
  14  0:17  Supply Depot  
  14  0:24  SCV  
  15  0:38  SCV  
  15  0:40  Barracks  
  16  0:42  Refinery  
  16  0:50  SCV  
  17  0:58  Barracks  
  17  1:03  SCV  
  18  1:09  Refinery  
  18  1:15  SCV  
  19  1:27  Reaper  
  19  1:29  Supply Depot  
  20  1:38  Orbital Command  
  20  1:45  Reaper  
  21  1:59  Reaper  
  22  2:04  SCV  
  23  2:15  Factory  
  23  2:16  SCV  
  23  2:17  Reaper  
  25  2:28  SCV  
  25  2:32  Reaper  
  26  2:37  Supply Depot  
  26  2:40  SCV  
  27  2:50  Reaper  
  27  2:52  SCV  
  28  3:00  Command Center  
  28  3:05  Cyclone  
  28  3:08  Reaper  
  28  3:11  SCV  
  32  3:22  Reaper  
  32  3:23  Starport  
  32  3:25  SCV  
  34  3:31  Supply Depot  
  34  3:38  SCV  
  34  3:40  Cyclone  
  37  3:50  Barracks Reactor, SCV  
  38  4:01  Viking  
  38  4:02  SCV  
  41  4:07  Barracks Tech Lab  
  41  4:13  Orbital Command  
  41  4:14  SCV  
  41  4:16  Factory Tech Lab  
  42  4:25  Marine  
  42  4:26  Marine x2, SCV  
  42  4:27  Stimpack  
  46  4:35  Starport Reactor  
  46  4:37  Supply Depot  
  48  4:38  SCV x2  
  48  4:43  Marine  
  48  4:44  Marine x2  
  51  4:50  SCV x2  
  51  4:52  Siege Tank  
  56  4:57  Supply Depot  
  56  5:01  Marine  
  56  5:02  Marine x2  
  56  5:04  SCV x2  
  57  5:16  SCV x2  
  57  5:19  Marine  
  57  5:20  Marine  
  57  5:27  Marine  
  56  5:28  Medivac, SCV  
  56  5:29  Medivac  
  56  5:30  SCV  
  59  5:37  Marine x2  
  59  5:40  SCV  
  59  5:42  SCV  
  63  5:45  Supply Depot  
  63  5:47  Marine  
  64  5:53  Siege Tank, SCV  
  64  5:54  Marine, SCV  
  64  5:55  Marine  
  71  6:00  Supply Depot  
  71  6:03  Barracks  
  71  6:07  SCV  
  71  6:08  Marine, SCV  
  71  6:10  Combat Shield  
  74  6:12  Marine  
  75  6:20  SCV x2  
  75  6:22  Supply Depot  
  75  6:25  Supply Depot  
  77  6:28  Marine x2  
  77  6:30  Marine  
  77  6:32  SCV x2  
  82  6:37  Medivac  
  84  6:46  Marine x2  
  86  6:47  SCV x2  
  86  6:48  Marine  
  86  6:50  Medivac  
  91  6:55  Supply Depot  
  91  6:56  Command Center  
  91  6:59  Refinery  
  91  7:00  Barracks Reactor, Refinery  
  91  7:03  Marine x2  
  91  7:07  SCV  
  91  7:08  Marine, SCV  
  95  7:20  Siege Tank  
  95  7:21  Marine x2  
  95  7:22  SCV x2  
  102  7:26  Marine  
  102  7:34  Barracks, SCV x2  
  102  7:36  Barracks  
  104  7:39  Marine x4  
  108  7:47  SCV  
  108  7:48  SCV, Engineering Bay  
  108  7:49  Engineering Bay  
  110  7:55  Marine  
  110  7:56  Marine x2  
  113  8:01  Marine  
  113  8:03  SCV x2  
  114  8:08  Orbital Command  
  114  8:09  Siege Tank  
  114  8:10  Marine  
  118  8:13  Marine  
  118  8:14  Marine  
  118  8:15  SCV x2  
  122  8:20  Medivac x2  
  122  8:21  Marine x2  
  128  8:32  Marine  
  128  8:33  Marine  
  128  8:35  SCV  
  128  8:36  SCV  
  128  8:38  Marine x2  
  128  8:39  Barracks Reactor  
  128  8:40  Barracks Reactor  
  131  8:43  Marine  
  131  8:45  Terran Infantry Weapons Level 1  
  131  8:46  Terran Infantry Armor Level 1  
  132  8:50  Marine  
  133  8:58  Supply Depot x2  
  133  8:59  Supply Depot  
  133  9:00  Marine x3  
  132  9:04  Marine  
  132  9:06  Siege Tank  
  132  9:08  Marine  
  137  9:12  SCV x3  
  136  9:18  Marine x2  
  116  9:26  Marine x2  
  116  9:27  Marine x5  
  114  9:35  Marine x2, Medivac x2  
  114  9:38  Siege Tank  
  118  9:44  Marine x3  
  118  9:45  Marine x4  
  125  9:51  Barracks, Armory  
  125  9:52  Supply Depot  
  125  9:53  Barracks x2, Marine x2  
  125  9:56  Bunker  
  125  9:57  Refinery  
  125  9:59  SCV x3  
  130  10:02  Marine x5  
  130  10:03  Marine x2  
  130  10:05  Medivac x2  
  141  10:12  Marine  
  129  10:21  Marine x2  
  129  10:22  Marine x6  
  129  10:23  SCV x3  
  134  10:31  Siege Tank  
  134  10:36  Marine  
  134  10:39  Marine x2  
  134  10:41  Refinery  
  137  10:43  Marine x2  
  137  10:44  Marine  
  137  10:45  Barracks Reactor x3  
  137  10:47  Marine x3  
  143  10:54  Command Center, Marine  
  143  10:56  SCV x3  
  147  10:57  Marine  
  147  11:00  Marine  
  147  11:01  Marine x3  
  147  11:03  Siege Tank  
  155  11:08  Marine x3  
  157  11:12  Marine  
  157  11:14  Medivac x2  
  157  11:15  Marine  
  157  11:17  Marine  
  163  11:19  Marine x3  
  166  11:26  Marine x3  
  166  11:28  Marine x5  
  166  11:31  Terran Infantry Weapons Level 2, Terran Infantry Armor Level 2, Supply Depot  
  166  11:32  Supply Depot x3  
  173  11:42  Sensor Tower  
  173  11:52  Marine x3  
  173  11:53  Marine x5  
  173  11:54  Marine x4  
  175  11:55  Marine  
  175  11:56  Marine x2  
  177  12:04  Liberator x2  
  177  12:06  Siege Tank  
  185  12:10  Marine x8  
  193  12:21  Marine  
  193  12:22  Marine x3  
  188  12:26  Marine x2  
  188  12:34  Command Center  
  188  12:35  Marine x4  
  188  12:36  Marine  
  192  12:38  Siege Tank  
  192  12:44  Marine x4  
  199  12:57  Marine  
  199  13:08  Marine  
  190  13:13  Siege Tank, Marine  
  190  13:17  Marine x2  
  190  13:19  Marine  
  183  13:20  Marine x5  
  151  13:41  Marine x7  
  127  13:42  Marine x8  
  127  13:43  Medivac x2  
  127  13:45  Siege Tank  
  127  13:46  SCV x3  
  152  13:59  Marine x3  
  115  14:11  Marine x2  
  115  14:14  Marine x3  
  115  14:15  Marine  
  115  14:16  Marine x7  
  114  14:17  Marine  
  114  14:21  SCV x3  
  122  14:24  Marine  
Show
View Real Time Build Order
Export as new Build Order

milkicow Terran 

Build Orders:  

Get SALT Encoding   

  12  0:00  SCV  
  13  0:12  SCV  
  14  0:17  Supply Depot  
  14  0:24  SCV  
  15  0:39  SCV  
  15  0:40  Barracks  
  16  0:43  Refinery  
  16  0:51  SCV  
  16  0:53  Refinery  
  17  1:03  SCV  
  18  1:15  SCV  
  19  1:27  Orbital Command  
  19  1:28  Reaper  
  19  1:30  Supply Depot  
  20  1:42  Factory  
  20  1:53  SCV  
  21  2:01  Reaper  
  22  2:05  SCV  
  23  2:17  SCV  
  24  2:29  Hellion  
  25  2:31  SCV  
  25  2:33  Command Center  
  25  2:35  Reaper  
  27  2:50  SCV  
  27  2:52  Hellion  
  27  2:53  Supply Depot  
  29  2:59  Starport  
  29  3:02  SCV  
  30  3:07  Barracks Reactor  
  30  3:15  Hellion  
  30  3:16  SCV  
  33  3:37  Factory Tech Lab  
  33  3:38  Starport Tech Lab  
  33  3:43  SCV  
  33  3:46  Marine x2  
  34  3:55  Siege Tank  
  34  3:58  Raven, SCV  
  40  4:04  Refinery  
  42  4:12  Command Center  
  42  4:14  SCV  
  42  4:15  Orbital Command  
  41  4:26  SCV, Marine x2  
  41  4:31  Siege Tank  
  49  4:39  Interference Matrix  
  49  4:40  SCV  
  49  4:41  SCV  
  49  4:44  Supply Depot  
  47  4:45  Marine  
  47  4:47  Marine  
  47  4:52  SCV  
  50  4:56  Raven, SCV  
  53  5:00  Supply Depot  
  53  5:04  SCV  
  57  5:07  Siege Tank  
  57  5:09  Marine  
  57  5:12  SCV  
  56  5:16  SCV  
  56  5:18  Marine  
  58  5:27  SCV  
  58  5:31  Orbital Command  
  58  5:32  Raven, Marine  
  58  5:34  SCV  
  61  5:40  SCV  
  58  5:43  Siege Tank  
  58  5:46  SCV  
  58  5:48  Barracks  
  62  5:51  Marine  
  62  5:52  SCV  
  51  5:57  Orbital Command  
  64  5:58  Barracks, SCV x2  
  64  6:04  SCV  
  67  6:08  Raven, Supply Depot  
  67  6:10  SCV  
  69  6:15  Refinery  
  69  6:16  SCV  
  70  6:21  Engineering Bay  
  70  6:22  SCV, Engineering Bay  
  70  6:23  Siege Tank  
  74  6:29  Supply Depot, Marine x2, SCV  
  77  6:33  SCV  
  77  6:38  SCV  
  79  6:42  SCV  
  79  6:46  Stimpack, Marine  
  81  6:47  Marine  
  81  6:49  Barracks  
  81  6:51  Terran Infantry Weapons Level 1, Barracks Tech Lab, Starport Reactor  
  81  6:52  Marine  
  83  6:55  SCV  
  83  6:59  Terran Infantry Armor Level 1  
  84  7:07  SCV  
  85  7:10  SCV  
  85  7:11  Siege Tank, Marine x2  
  85  7:13  SCV  
  92  7:18  Marine  
  93  7:23  Orbital Command  
  93  7:24  Supply Depot, Marine, SCV  
  93  7:34  Missile Turret  
  93  7:35  Missile Turret  
  93  7:36  Orbital Command, Supply Depot  
  93  7:37  Barracks Reactor  
  93  7:45  Medivac x2, Marine x3, Supply Depot, SCV  
  93  7:48  Marine  
  101  7:57  Supply Depot  
  101  7:58  Siege Tank, SCV x2  
  106  8:01  Supply Depot  
  106  8:02  SCV  
  106  8:03  Marine  
  108  8:10  Marine, SCV x2  
  111  8:14  SCV, Marine, Refinery  
  113  8:21  Missile Turret, Marine  
  113  8:22  SCV  
  113  8:23  Marine  
  113  8:24  Marine  
  113  8:26  Marine  
  111  8:27  Combat Shield  
  111  8:28  Marine  
  111  8:29  SCV  
  111  8:34  Orbital Command, SCV  
  93  8:37  Marine  
  93  8:38  Siege Tank  
  93  8:39  Marine  
  105  8:41  Marine, SCV  
  105  8:45  Marine  
  105  8:46  SCV  
  108  8:49  Marine  
  108  8:52  Refinery  
  108  8:53  SCV  
  108  8:55  Marine  
  111  8:56  Marine  
  111  8:58  SCV  
  111  8:59  Orbital Command  
  108  9:04  Starport  
  108  9:05  SCV  
  108  9:10  SCV  
  108  9:12  Siege Tank  
  108  9:13  Marine  
  108  9:15  Marine  
  113  9:17  Missile Turret  
  113  9:19  Marine  
  113  9:20  Marine x2, SCV  
  113  9:22  SCV  
  113  9:23  Marine  
  113  9:24  Orbital Command, SCV  
  94  9:26  Missile Turret  
  94  9:31  Marine  
  85  9:32  SCV  
  85  9:33  Marine  
  85  9:34  SCV  
  85  9:37  Marine  
  83  9:41  Starport Reactor  
  83  9:44  SCV  
  84  9:46  Siege Tank, SCV  
  84  9:50  SCV  
  89  9:56  Sensor Tower, Marine  
  89  9:57  Armory, Marine x5  
  94  10:01  SCV  
  94  10:02  SCV  
  96  10:14  Marine x5  
  96  10:15  Marine  
  87  10:21  Siege Tank  
  87  10:25  SCV  
  90  10:32  SCV, Marine  
  90  10:33  SCV  
  93  10:35  Marine  
  93  10:36  Marine x3  
  93  10:37  SCV  
  93  10:38  Marine  
  93  10:39  Medivac x2  
  103  10:44  SCV  
  103  10:45  Terran Infantry Weapons Level 2, SCV  
  103  10:49  SCV  
  106  10:50  Marine  
  106  10:53  Marine x2  
  106  10:54  Marine  
  106  10:56  Siege Tank, SCV, Marine x2  
  116  10:58  SCV  
  117  11:07  Supply Depot  
  117  11:08  Supply Depot  
  117  11:09  SCV  
  117  11:16  Marine  
  117  11:22  Supply Depot  
  117  11:24  Supply Depot  
  117  11:28  Siege Tank, SCV x3, Marine  
  117  11:29  Marine  
  125  11:33  Marine x2  
  125  11:37  Marine x2  
  125  11:39  Supply Depot  
  129  11:40  SCV x2  
  129  11:41  SCV  
  129  11:46  Marine  
  129  11:47  Marine  
  133  11:50  Marine  
  133  11:51  Marine  
  133  11:53  SCV x2  
  129  11:54  Marine  
  129  11:55  Marine  
  129  11:58  SCV  
  129  12:00  Siege Tank  
  129  12:04  Marine x2  
  129  12:05  Liberator, SCV x2  
  136  12:08  Marine  
  136  12:09  Liberator, Marine  
  136  12:12  Marine  
  136  12:15  SCV  
  143  12:21  SCV  
  143  12:22  SCV  
  131  12:23  Marine  
  131  12:27  SCV  
  131  12:28  Marine  
  130  12:33  Siege Tank, SCV, Marine  
  130  12:34  SCV  
  130  12:36  Marine  
  137  12:41  Marine  
  137  12:43  SCV, Marine  
  139  12:47  SCV  
  139  12:49  Marine  
  139  12:51  Viking, Marine  
  143  12:52  SCV  
  143  12:57  Marine, SCV  
  143  12:59  Marine  
  143  13:00  SCV  
  143  13:04  Marine  
  146  13:06  Marine  
  146  13:07  Marine, SCV  
  143  13:17  Siege Tank, SCV  
  143  13:19  Marine  
  140  13:20  SCV, Marine x2  
  140  13:22  Marine  
  140  13:27  Marine  
  144  13:29  Marine  
  137  13:39  Marine  
  137  13:40  Marine  
  93  13:42  Marine  
  93  13:43  Marine  
  93  13:44  Marine  
  93  13:47  Marine  
  97  13:49  Siege Tank  
  100  13:57  Marine  
  100  13:58  Marine  
  102  14:06  SCV  
  102  14:08  SCV  
  102  14:09  Marine  
  80  14:16  Orbital Command  
  80  14:17  Marine  
  70  14:18  SCV  
  70  14:20  Marine x3, SCV  
  70  14:21  Marine  
  79  14:30  SCV  
  81  14:32  SCV  
Tags
 
Add a new tag
Caveats
  • Supply blocks, unpowered buildings, or Contaminate may cause inaccurate times.
  • Supply counts are checked every 10 seconds.